 Dungeon Crawl Stone Soup version 0.28-a0-1395-g4f6bc678fa (webtiles) character file.

Game seed: 12959710923420449165

193 Deminshera the Sneak (level 5, -1/28 HPs)
             Began as a Vine Stalker Brigand on Jan 4, 2022.
             Splashed by a jelly's acid (4 damage)
             ... on level 4 of the Dungeon.
             The game lasted 00:02:44 (2101 turns).

Deminshera the Sneak (Vine Stalker Brigand)         Turns: 2101, Time: 00:02:45

Health: -1/28      AC:  0    Str: 16    XL:     5   Next: 72%
Magic:  0/6        EV: 12    Int: 11    God:
Gold:   104        SH:  0    Dex: 15    Spells: 4/4 levels left

rFire   . . .      SeeInvis .   a - +2 dagger
rCold   . . .      Faith    .   (no shield)
rNeg    . . .      Spirit   +   i - +0 leather armour
rPois   .          Reflect  .   (no helmet)
rElec   .          Harm     .   c - +0 cloak
rCorr   .          Rampage  .   (no gloves)
Will    .....                   (no boots)
Stlth   +++.......              (no amulet)
HPRegen 0.89/turn               (no ring)
MPRegen 0.10/turn               (no ring)

@: corroded
A: fangs 2, regeneration 1, magic shield, antimagic bite, no potion heal 2
a: no special abilities


You were on level 4 of the Dungeon.
You visited 1 branch of the dungeon, and saw 4 of its levels.

You collected 104 gold pieces.

Inventory:

Hand Weapons
 a - a +2 dagger (weapon)
Missiles
 d - 8 poisoned darts (quivered)
 e - 2 curare-tipped darts
Armour
 c - a +0 cloak (worn)
 i - a +0 leather armour (worn)
Potions
 b - a potion of flight {unknown}
 f - 3 potions of curing {unknown}
 g - 2 potions of heal wounds {unknown}


   Skills:
 + Level 3.1 Fighting
 + Level 3.0 Short Blades
 - Level 1.7 Throwing
 - Level 2.0 Dodging
 + Level 6.1 Stealth


You had 4 spell levels left.
You didn't know any spells.
Your spell library contained the following spells:

 Spells                   Type           Power      Damage    Failure   Level
 Call Canine Familiar     Summ           0%         N/A       78%         3
 Gell's Gravitas          Tloc           0%         N/A       78%         3
 Lesser Beckoning         Tloc           0%         N/A       78%         3
 Portal Projectile        Hex/Tloc       0%         N/A       78%         3
 Teleport Other           Tloc           0%         N/A       78%         3
 Leda's Liquefaction      Hex/Erth       0%         N/A       99%         4
 Fireball                 Conj/Fire      0%         3d3       100%        5
 Statue Form              Tmut/Erth      0%         N/A       100%        6
 Dragon Form              Tmut           0%         N/A       100%        7


Dungeon Overview and Level Annotations

Branches:
Dungeon (4/15)
 Temple: D:4-7

Altars:
Kikubaaqudgha
Ru


Innate Abilities, Weirdness & Mutations

You have extremely sharp teeth.
Your natural rate of healing is unusually fast.
When hurt, damage is shared between your health and your magic reserves.
Your bite disrupts and absorbs the magic of your enemies.
Potions cannot restore your health.


Message History

The hound skeleton closely misses you.
You hit the hound skeleton. You bite the hound skeleton. You drain its power.
The hound skeleton is almost destroyed.
The hound skeleton misses you.
You barely miss the hound skeleton.
You bite the hound skeleton, but do no damage.
The hound skeleton is almost destroyed.
The hound skeleton bites you.
The hound skeleton bites you but does no damage.
You barely miss the hound skeleton. You bite the hound skeleton.
You drain its power.
You feel invigorated.
The hound skeleton is almost destroyed.
The hound skeleton bites you.
You hit the hound skeleton.
You destroy the hound skeleton!
Your Short Blades skill increases to level 3!
Found a great sword.
A jelly comes into view.
Found a stone staircase leading down.
You hear the slow hiss of a very distant avalanche of sand.
You see here a sedimented coppery potion.
f - 3 sedimented coppery potions (gained 1)
The jelly quivers.
You hit the jelly. The acid corrodes you!
Your hands burn!
You bite the jelly. You drain its power.
You feel invigorated.
The jelly is moderately wounded.
The jelly hits you.
You are splashed with acid.
You hit the jelly but do no damage.
Your hands burn!
You bite the jelly. You drain its power.
You feel invigorated.
The jelly is heavily wounded.
You hit the jelly.
Your hands burn!
The jelly is severely wounded.
The jelly hits you.
You are splashed with acid!
* * * LOW HITPOINT WARNING * * *
You hit the jelly but do no damage.
Your hands burn!
* * * LOW HITPOINT WARNING * * *
The jelly is severely wounded.
The jelly barely misses you.
You hit the jelly.
Your hands burn!
You die...

# ## #### #.##.# ..##
#....# ## #..# #.##.####
.#
###..###.......##.####
.....................#
.....[...............##.
...................>....
................@....##
.................J...#
........................
......................#.
..............#.....#...
............##.###.#. #.
...........## ⌠.# #.⌠.
..........## #.#.# #.##
....<.....# #.#)#


You could see a jelly.

Vanquished Creatures
  An orc priest (D:3)
  A hound skeleton (D:4)
  7 adders
  A worm (D:2)
  3 dart slugs
  An orc (D:3)
  6 ball pythons
  9 endoplasms
  2 giant cockroaches (D:1)
  9 hobgoblins
  2 jackals (D:1)
  5 kobolds
  6 quokkas
  4 bats
  8 frilled lizards
  4 goblins (D:2)
  11 rats
80 creatures vanquished.

Notes
Turn   | Place    | Note
-------+----------+-------------------------------------------
     0 | D:1      | Deminshera the Vine Stalker Brigand began the quest for the
                  | Orb.
     0 | D:1      | Reached XP level 1. HP: 11/11 MP: 2/2
    93 | D:1      | Reached skill level 1 in Dodging
   134 | D:1      | Reached skill level 5 in Stealth
   134 | D:1      | Reached XP level 2. HP: 15/15 MP: 3/3
   359 | D:1      | Reached XP level 3. HP: 18/18 MP: 4/4
   901 | D:2      | Found an ancient bone altar of Kikubaaqudgha.
   920 | D:2      | Gained mutation: Your natural rate of healing is unusually
                  | fast. [Vine Stalker growth]
   920 | D:2      | Reached XP level 4. HP: 23/23 MP: 5/5
   920 | D:2      | Found a faded altar of an unknown god.
  1535 | D:3      | Found a sacrificial altar of Ru.
  1584 | D:3      | Reached XP level 5. HP: 18/27 MP: 4/6
  1664 | D:3      | Noticed an orc warrior
  1933 | D:3      | Got Xitit's Catalogue of Shape Shifting and the Blaze
  2037 | D:4      | Reached skill level 6 in Stealth
  2101 | D:4      | Splashed by a jelly's acid

Illustrated notes

Levels and vault maps discovered:
D:1:      eino_arrival_water_star, layout_loops_cross, st_stairs_2
D:2:      layout_loops_ring, basic_altar, basic_ecumenical_altar,
          minmay_diced_spiral
D:3:      layout_basic, nicolae_ru_awakened_eye
D:4:      layout_basic, nicolae_ossuary_entry_giza, grunt_decor_mini_mirrors

Skill      XL: |  1  2  3  4  5 |
---------------+----------------+-----
Dodging        | 1 2 |  2.0
Stealth        | 5 6 |  6.1
Fighting       | 2 3 |  3.1
Short Blades   | 2 3 |  3.0
Throwing       | |  1.7

Action                   |  1- 3 |  4- 6 || total
-------------------------+-------+-------++-------
Melee: Dagger            |    59 |   126 ||   185
       Bite              |    10 |    28 ||    38
  Use: Scroll            |       |     1 ||     1
 Stab: Sleeping          |    19 |     7 ||    26
       Distracted        |       |     1 ||     1
Armor: Robe              |     9 |    22 ||    31
       Leather armour    |       |    13 ||    13
Dodge: Dodged            |    20 |    81 ||   101

Table legend: (Time is in decaauts)
 A = Elapsed time spent in this place.
 B = Non-inter-level travel time spent in this place.
 C = Inter-level travel time spent in this place.
 D = Time resting spent in this place.
 E = Time spent auto-exploring this place.
 F = Levels seen in this place.
 G = Mean time per level.
                   A        B        C        D        E       F      G
               +--------+--------+--------+--------+--------+-----+--------+
         Total |   2080 |   1915 |    165 |      0 |   1389 |   4 |  520.0 |
       Dungeon |   2080 |   1915 |    165 |      0 |   1389 |   4 |  520.0 |
               +--------+--------+--------+--------+--------+-----+--------+

Top non-repeatable levels by time:
     D:2: 962 daAuts
     D:1: 602 daAuts
     D:3: 452 daAuts
     D:4: 63 daAuts
